 Dungeon Crawl Stone Soup version 0.29-a0-866-g0545e20025 (webtiles) character file.

Game seed: 3305507838876676071

534 Malachi the Cudgeller (level 7, -1/57 HPs)
             Began as a Ghoul Monk on July 17, 2022.
             Slain by a gnoll
             ... wielding a +0 flail
             ... led by a gnoll bouda
              (4 damage)
             ... on level 4 of the Dungeon.
             The game lasted 00:06:01 (5495 turns).

Malachi the Cudgeller (Ghoul Monk)                  Turns: 5495, Time: 00:06:02

Health: -1/57      AC:  8    Str: 17    XL:     7   Next: 25%
Magic:  6/6        EV:  7    Int:  5    God:
Gold:   214        SH:  0    Dex: 11    Spells: 6/6 levels left

rFire   . . .      SeeInvis .   a - +0 mace (venom)
rCold   + . .      Faith    .   (no shield)
rNeg    + + +      Spirit   .   s - +0 chain mail
rPois   ∞          Reflect  .   (no helmet)
rElec   .          Harm     .   (no cloak)
rCorr   .          Rampage  .   (no gloves)
Will    .....                   (no boots)
Stlth   ..........              (no amulet)
HPRegen 0.00/turn               (no ring)
MPRegen 0.10/turn               (no ring)

@: inhibited regen
A: claws 1, cold resistance 1, negative energy resistance 3, inhibited
regeneration, torment resistance 2, devour on kill
a: no special abilities


You were on level 4 of the Dungeon.
You visited 1 branch of the dungeon, and saw 4 of its levels.
You also visited: Ossuary.

You collected 214 gold pieces.

Inventory:

Hand Weapons
 a - a +0 mace of venom (weapon)
Missiles
 d - 4 curare-tipped darts (quivered)
 l - a throwing net
Armour
 s - a +0 chain mail (worn)
Magical Staves
 b - a staff of cold
Scrolls
 g - 2 scrolls of vulnerability
 h - a scroll of poison
 i - 2 scrolls of fog
 n - 2 scrolls of teleportation
 r - a scroll of magic mapping
Potions
 c - a potion of ambrosia
 f - 3 potions of flight
 j - a potion of haste {unknown}
 k - a potion of curing
 m - a potion of brilliance {unknown}
 o - a potion of heal wounds {unknown}
 p - a potion of invisibility {unknown}
 q - a potion of cancellation {unknown}


   Skills:
 - Level 3.2 Fighting
 * Level 7.4 Maces & Flails
 - Level 2.6 Dodging
 - Level 2.1 Stealth


You had 6 spell levels left.
You didn't know any spells.
Your spell library contained the following spells:

 Spells                   Type           Power      Damage    Failure   Level
 Magic Dart               Conj           0%         1d3       100%        1
 Call Imp                 Summ           0%         N/A       100%        2
 Mephitic Cloud           Conj/Pois/Air  0%         N/A       100%        3
 Summon Guardian Golem    Hex/Summ       0%         N/A       100%        3
 Orb of Destruction       Conj           0%         9d5       100%        7
 Spellforged Servitor     Conj/Summ      0%         N/A       100%        7


Dungeon Overview and Level Annotations

Branches:
Dungeon (4/15)            Ossuary (visited)
 Temple: D:4-7

Altars:
Kikubaaqudgha
Nemelex Xobeh


Innate Abilities, Weirdness & Mutations

You are immune to poison.
You have sharp fingernails.
Your flesh is cold resistant. (rC+)
You are immune to negative energy. (rN+++)
You do not regenerate when monsters are visible.
You are immune to unholy pain and torment.
You thrive by killing the living.


Message History

You are confused.
You feel invigorated.
You kill the gnoll bouda!
The gnoll hits you with a +0 flail. The gnoll hits you with a +0 flail!
You feel better.
You feel less invigorated. The gnoll barely misses you.
The gnoll hits you with a +0 flail!
You are too injured to fight recklessly!
You are too injured to fight recklessly!
You are too injured to fight recklessly!
You are too injured to fight recklessly!
You hit the gnoll.
The gnoll is lightly wounded.
Your attacks no longer feel as feeble.
The gnoll closely misses you. The gnoll hits you with a +0 flail.
You hit the gnoll.
The gnoll is poisoned.
The gnoll is heavily wounded.
The gnoll barely misses you. The gnoll hits you with a +0 flail.
You hit the gnoll but do no damage.
The gnoll looks as sick as possible!
The gnoll is heavily wounded.
The gnoll hits you with a +0 flail. The gnoll hits you but does no damage.
You barely miss the gnoll.
The gnoll is severely wounded.
You kill the gnoll!
You feel better. The gnoll hits you but does no damage.
You closely miss the gnoll. The gnoll hits you but does no damage.
You hit the gnoll.
The gnoll is poisoned.
The gnoll is moderately wounded.
The gnoll hits you with a +0 flail.
You barely miss the gnoll.
The gnoll is moderately wounded.
The gnoll hits you with a +0 flail!
* * * LOW HITPOINT WARNING * * *
You hit the gnoll.
The gnoll looks as sick as possible!
The gnoll is severely wounded.
The gnoll hits you with a +0 flail!
* * * LOW HITPOINT WARNING * * *
You barely miss the gnoll.
The gnoll is almost dead.
The gnoll hits you with a +0 flail.
You die...

###### #....# #....#
##..##*## *** #...##..##
*,***####.._'....#
****,,,##..##@.#....#
**,,*,,,#...##)g##########
*....,,,#...##..###......##
*S...#,.#.................#
####..##.###..##........#.†.#
..##..##.###..###########.).#
..#...........##,,###..##...#
..#............#,,..........#
..#............#,,.....##..##


You could see a gnoll (swift, extremely poisoned).

Vanquished Creatures
  A necrophage (D:4)
  A scorpion (D:4)
  A centaur zombie (Ossuary)
  A gnoll bouda (D:4)
  An orc priest (D:4)
  3 iguanas (D:4)
  4 mummies (Ossuary)
  5 adders (D:3)
  3 gnolls
  13 orcs
  14 endoplasms
  6 giant cockroaches
  3 goblins
  5 hobgoblins
  5 quokkas
  10 ball pythons
  6 bats
  5 frilled lizards
  3 gnoll zombies (Ossuary)
  2 hobgoblin zombies (Ossuary)
  9 kobolds
  A kobold zombie (Ossuary)
  An orc zombie (Ossuary)
  3 rats
106 creatures vanquished.

Notes
Turn   | Place    | Note
-------+----------+-------------------------------------------
     0 | D:1      | Malachi the Ghoul Monk began the quest for the Orb.
     0 | D:1      | Reached XP level 1. HP: 19/19 MP: 0/0
    37 | D:1      | Reached skill level 3 in Maces & Flails
    37 | D:1      | Reached XP level 2. HP: 5/26 MP: 1/1
   790 | D:1      | Reached XP level 3. HP: 31/31 MP: 2/2
  1082 | D:2      | Reached skill level 4 in Maces & Flails
  1945 | D:3      | Reached XP level 4. HP: 29/38 MP: 3/3
  2071 | D:3      | Found a sparkling altar of Nemelex Xobeh.
  2333 | D:3      | You fall into a shaft and drop 1 floor!
  2381 | D:4      | Found a sand-covered staircase.
  2385 | Ossuary  | Entered an ossuary
  2411 | Ossuary  | Reached skill level 5 in Maces & Flails
  2411 | Ossuary  | Reached XP level 5. HP: 28/45 MP: 4/4
  3612 | D:4      | Reached XP level 6. HP: 51/51 MP: 5/5
  3666 | D:4      | Reached skill level 6 in Maces & Flails
  5382 | D:4      | Reached skill level 7 in Maces & Flails
  5382 | D:4      | Reached XP level 7. HP: 50/57 MP: 6/6
  5452 | D:4      | Found an ancient bone altar of Kikubaaqudgha.
  5495 | D:4      | Slain by a gnoll

Illustrated notes

Levels and vault maps discovered:
D:1:      spicycebolla_arrival_clurvy, layout_basic
D:2:      layout_loops_ring, grunt_ministairs_10, chequers_serial_rivers_room_b
D:3:      layout_loops_ring, nemelex_dance_club_becter, minmay_liquid_box
D:4:      layout_gridville, overflow_temple_1_default,
          lightli_ossuary_entry_decrepit_ruins

Skill      XL: |  1  2  3  4  5  6 |
---------------+-------------------+-----
Maces & Flails | 3 4 5 7 |  7.4
Fighting       | |  3.2
Dodging        | |  2.6
Stealth        | |  2.1

Action                   |  1- 3 |  4- 6 |  7- 9 || total
-------------------------+-------+-------+-------++-------
Melee: Mace              |   113 |   249 |    23 ||   385
       Punch             |       |     2 |       ||     2
  Use: Scroll            |     6 |     6 |       ||    12
       Potion            |       |     2 |     2 ||     4
 Stab: Sleeping          |     5 |     8 |       ||    13
       Distracted        |     1 |       |       ||     1
Armor: Leather armour    |    19 |    51 |       ||    70
       Chain mail        |       |     4 |     9 ||    13
Dodge: Dodged            |    89 |   132 |     7 ||   228

Table legend: (Time is in decaauts)
 A = Elapsed time spent in this place.
 B = Non-inter-level travel time spent in this place.
 C = Inter-level travel time spent in this place.
 D = Time resting spent in this place.
 E = Time spent auto-exploring this place.
 F = Levels seen in this place.
 G = Mean time per level.
                   A        B        C        D        E       F      G
               +--------+--------+--------+--------+--------+-----+--------+
         Total |   5551 |   5418 |    133 |   1615 |   2752 |   5 | 1110.2 |
       Dungeon |   4628 |   4495 |    133 |    955 |   2709 |   4 | 1157.0 |
       Ossuary |    923 |    923 |      0 |    660 |     43 |   1 |  923.0 |
               +--------+--------+--------+--------+--------+-----+--------+

Top non-repeatable levels by time:
     D:3: 1649 daAuts
     D:4: 1206 daAuts
     D:1: 934 daAuts
 Ossuary: 923 daAuts
     D:2: 838 daAuts
